AoeStats
← Eugenius

Arena

508771509Analyzed
4v4 RM · 10d ago on Sep 24, 2026· 51m 21s· 8 players
Game mode
Random Map
Map size
Large (8 player)
Population
200
Speed
Normal
Resources
Standard
Victory
Conquest
Starting age
Dark Age
Ending age
Imperial Age
RankedLock teamsTeams togetherTeam positionsShared explorationLock speedFull tech treeHidden civsTurbo modeCheats
Victory
Defeat
🇺🇸 Britons · United States
1850
+17
🇧🇴 Danes · Bolivia
1751
+21
🇹🇷 Saracens · Türkiye
1747
+21
🇦🇷 Armenians · Argentina
1743
+21
🇨🇦 Bengalis · Canada
1908
-22
🇷🇺 Romans · Russia
1907
-21
🇪🇨 Byzantines · Ecuador
1865
-20
🇲🇽 Mongols · Mexico
1779
-17
heybrowazzup
10:51 Feudal Age
12:32 Double-Bit Axe
14:53 Castle Age
13:35 Horse Collar
15:46 Bow Saw
18:24 Loom
18:43 Fletching
19:36 Bodkin Arrow
33:01 Wheelbarrow
33:14 Wheelbarrow
33:47 Heavy Plow
35:50 Stone Mining
37:25 Hand Cart
38:10 Gold Mining
38:32 Scale Barding Armor
41:34 Scale Mail Armor
41:48 Forging
46:52 Imperial Age
45:01 Iron Casting
44:51 Bloodlines
44:41 Husbandry
45:21 Chain Barding Armor
46:58 Elite Mameluke
47:59 Conscription
48:15 Plate Barding Armor
48:40 Blast Furnace
48:16 Plate Barding Armor
52:15 Blast Furnace
__72_KaN_Arg
10:51 Feudal Age
14:32 Castle Age
12:26 Double-Bit Axe
14:33 Horse Collar
15:35 Wheelbarrow
15:57 Bow Saw
22:49 Loom
23:43 Town Watch
27:57 Imperial Age
26:02 Scale Mail Armor
26:35 Hand Cart
26:00 Pikeman
26:41 Squires
26:26 Gambesons
26:34 Man-at-Arms
26:59 Gambesons
27:31 Chain Mail Armor
27:33 Gold Mining
27:35 Stone Mining
27:25 Halberdier
27:27 Long Swordsman
28:20 Two-Handed Swordsman
28:52 Capped Ram
30:14 Plate Mail Armor
30:23 Champion
31:55 Fletching
33:04 Bodkin Arrow
33:21 Forging
33:32 Ballistics
34:13 Chemistry
33:57 Bracer
33:58 Padded Archer Armor
34:43 Gold Shaft Mining
36:50 Leather Archer Armor
36:00 Elite Composite Bowman
37:00 Conscription
38:31 Ring Archer Armor
37:32 Siege Ram
39:33 Fortified Wall
40:38 Iron Casting
40:38 Arson
41:37 Coinage
43:07 Blast Furnace
42:19 Masonry
45:43 Banking
ADC
11:26 Feudal Age
12:20 Horse Collar
12:31 Double-Bit Axe
15:19 Castle Age
16:23 Bow Saw
16:18 Heavy Plow
20:20 Wheelbarrow
19:56 Loom
25:50 Fletching
26:44 Bodkin Arrow
30:26 Hand Cart
30:12 Gold Mining
30:13 Stone Mining
33:57 Imperial Age
31:39 Padded Archer Armor
32:57 Stone Shaft Mining
32:57 Gold Shaft Mining
34:11 Leather Archer Armor
34:23 Thumb Ring
34:41 Bracer
35:43 Chemistry
35:04 Ballistics
34:11 Cranequins
35:47 Heavy Mounted Crossbowman
37:32 Town Watch
38:52 Ring Archer Armor
38:29 Scale Barding Armor
38:35 Forging
38:53 Conscription
38:15 Light Cavalry
39:05 Bloodlines
38:56 Husbandry
40:41 Chain Barding Armor
41:05 Masonry
41:01 Siege Engineers
42:16 Iron Casting
43:37 Plate Barding Armor
43:33 Murder Holes
44:26 Hoardings
46:08 Blast Furnace
45:54 Capped Ram
46:56 Siege Ram
48:19 Coinage
47:49 Caravan
47:34 Pikeman
48:14 Squires
48:38 Spies/Treason
T90Official
10:57 Feudal Age
11:54 Double-Bit Axe
11:50 Horse Collar
12:23 Horse Collar
14:52 Castle Age
15:59 Bow Saw
16:13 Heavy Plow
19:22 Loom
20:57 Fletching
20:59 Gold Mining
23:46 Wheelbarrow
24:43 Ballistics
24:36 Bodkin Arrow
26:07 Padded Archer Armor
27:09 Hand Cart
30:16 Imperial Age
29:07 Treadmill Crane
29:48 Masonry
30:23 Leather Archer Armor
30:55 Yeomen
31:26 Coinage
31:12 Bracer
32:13 Chemistry
32:01 Ring Archer Armor
31:22 Capped Ram
33:33 Two-Man Saw
32:18 Pikeman
32:59 Squires
32:59 Scale Mail Armor
33:10 Forging
33:04 Elite Longbowman
33:53 Halberdier
35:55 Banking
36:04 Murder Holes
36:53 Town Watch
38:13 Chain Mail Armor
39:42 Plate Mail Armor
39:55 Warwolf
40:22 Conscription
40:37 Iron Casting
45:03 Siege Engineers
46:13 Blast Furnace
44:38 Heavy Scorpion
46:00 Architecture
50:24 Scale Barding Armor
50:06 Gambesons
50:07 Arson
50:35 Careening
50:36 Fortified Wall
50:40 Guard Tower
51:36 Chain Barding Armor
50:54 Cranequins
50:55 Elite Skirmisher
51:08 Light Cavalry
51:49 Husbandry
|Thepejezombie
9:53 Feudal Age
9:00 Loom
13:40 Castle Age
12:36 Double-Bit Axe
14:37 Bow Saw
17:12 Fletching
19:04 Bodkin Arrow
29:46 Horse Collar
39:33 Imperial Age
38:09 Padded Archer Armor
38:48 Ballistics
38:39 Masonry
39:10 Leather Archer Armor
39:09 Elite Skirmisher
40:16 Bracer
42:40 Chemistry
Eärnur
10:08 Feudal Age
14:33 Castle Age
12:35 Double-Bit Axe
12:43 Horse Collar
15:42 Bow Saw
20:45 Wheelbarrow
26:27 Imperial Age
23:43 Loom
24:58 Padded Archer Armor
25:02 Gold Mining
25:03 Stone Mining
25:51 Hand Cart
26:50 Gold Shaft Mining
28:12 Chemistry
28:25 Leather Archer Armor
30:39 Ring Archer Armor
29:51 Treadmill Crane
33:07 Fletching
33:11 Elite Skirmisher
33:57 Thumb Ring
34:40 Bodkin Arrow
35:26 Ballistics
39:17 Scale Barding Armor
38:36 Elite Cataphract
39:38 Conscription
39:32 Logistica
39:52 Forging
40:38 Hoardings
40:47 Conscription
41:28 Iron Casting
41:31 Chain Barding Armor
44:32 Caravan
45:41 Bracer
47:18 Scale Mail Armor
IamChristopher
11:14 Feudal Age
11:58 Double-Bit Axe
14:45 Castle Age
12:39 Horse Collar
15:52 Bow Saw
21:59 Heavy Plow
21:50 Gold Mining
27:04 Wheelbarrow
30:29 Imperial Age
27:45 Loom
27:51 Loom
30:27 Gold Shaft Mining
30:09 Hand Cart
30:56 Siege Elephant
32:58 Scale Barding Armor
32:52 Fletching
34:24 Bodkin Arrow
34:30 Padded Archer Armor
35:31 Chemistry
34:20 Elite Skirmisher
35:35 Conscription
35:50 Ballistics
36:03 Bracer
36:18 Leather Archer Armor
38:17 Ring Archer Armor
38:15 Light Cavalry
39:05 Bloodlines
38:56 Husbandry
39:08 Forging
38:45 Pikeman
39:26 Squires
39:27 Scale Mail Armor
39:47 Chain Barding Armor
41:14 Caravan
41:59 Elite Elephant Archer
42:43 Scale Mail Armor
43:22 Plate Barding Armor
43:23 Iron Casting
44:10 Mahayana
44:02 Paiks
45:57 Chain Mail Armor
45:49 Siege Engineers
Eugenius
12:04 Feudal Age
12:40 Horse Collar
12:46 Double-Bit Axe
15:35 Castle Age
16:21 Bloodlines
16:31 Bow Saw
15:45 Light Cavalry
16:31 Husbandry
17:49 Scale Barding Armor
17:12 Light Cavalry
19:06 Forging
24:13 Wheelbarrow
26:24 Heavy Plow
26:25 Loom
26:56 Hand Cart
26:48 Gold Mining
30:42 Imperial Age
29:56 Chain Barding Armor
32:01 Plate Barding Armor
30:51 Cavalier
33:19 Stone Mining
34:21 Town Watch
35:46 Comitatenses
35:46 Conscription
38:55 Capped Ram
41:12 Crop Rotation
41:38 Caravan
41:48 Guilds
42:11 Coinage
44:18 Iron Casting
46:38 Conscription
Connection lost

Rejoining the realm…

Still unreachable

The connection could not be restored.

Session expired

The server has moved on; the page needs a fresh start.